 Dungeon Crawl Stone Soup version 0.22-a0-570-g58866f5 (webtiles) character file.

50 royokou the Conjurer (level 3, 0/19 HPs)
             Began as a Deep Elf Conjurer on July 1, 2018.
             Succumbed to an adder's poison
             ... on level 1 of the Dungeon.
             The game lasted 00:04:17 (988 turns).

royokou the Conjurer (Deep Elf Conjurer)             Turns: 988, Time: 00:04:17

Health: 0/19       AC:  3    Str:  5    XL:     3   Next: 55%
Magic:  1/10       EV: 13    Int: 20    God:
Gold:   35         SH:  0    Dex: 15    Spells: 4/10 levels left

rFire    . . .     SeeInvis .   (no weapon)
rCold    . . .     Gourm    .   (no shield)
rNeg     . . .     Faith    .   g - +0 robe
rPois    .         Spirit   .   (no helmet)
rElec    .         Reflect  .   (no cloak)
rCorr    .         Harm     .   (no gloves)
MR       .....                  b - +0 pair of boots
Stlth    ++........             (no amulet)
HPRegen  0.06/turn              (no ring)
MPRegen  0.12/turn              (no ring)

@: lethally poisoned (0 -> -10)
A: no striking features
a: no special abilities


You were on level 1 of the Dungeon.
You were not hungry.

You visited 1 branch of the dungeon, and saw 2 of its levels.

You collected 35 gold pieces.

Inventory:

Armour
 a - a +0 robe
 b - a +0 pair of boots (worn)
 g - a +0 robe (worn)
 h - a +0 robe
Wands
 d - a wand of digging (12)
Potions
 e - a potion of curing {unknown}
Comestibles
 c - a ration


   Skills:
 - Level 2.4 Dodging
 - Level 2.4 Stealth
 + Level 4.4 Spellcasting
 + Level 5.2 Conjurations


You had 4 spell levels left.
You knew the following spells:

 Your Spells              Type           Power        Failure   Level  Hunger
a - Magic Dart            Conj           ####         1%          1    None
b - Searing Ray           Conj           ####..       2%          2    #......
c - Dazzling Spray        Conj/Hex       ##....       13%         3    ###....

Your spell library contained the following spells:

 Spells                   Type           Power        Failure   Level  Hunger
 Iskenderun's Mystic Bla  Conj           ####....     14%         4    ####...
 Fulminant Prism          Conj/Hex       ##........   38%         4    ####...
 Force Lance              Conj/Tloc      ##......     38%         4    ####...


Dungeon Overview and Level Annotations

Branches:
Dungeon (2/15)

Altars:


Message History

The adder poisons you!
You feel sick. The adder bites you.
You feel sick. The adder bites you.
* * * LOW HITPOINT WARNING * * *
You are more poisoned.
The adder poisons you!
There is a stone staircase leading up, spattered with blood here.
* * * LOW HITPOINT WARNING * * *
You feel sick. The adder closely misses you.
The goblin hits you but does no damage.
You climb upwards.
* * * LOW HITPOINT WARNING * * *
You feel sick.
There is a stone staircase leading down here.
* * * LOW HITPOINT WARNING * * *
You feel sick. The adder barely misses you.
The goblin hits you but does no damage.
Unknown command.
You die...

#.....##.# ##...
#...#.#..# ##..
#...#.#.## #..
#####.#.# #.( #.#†#
#.. #.#.# #..
#####...##### #..
##...........###..
##@............##.(
#S.g............###
#...............#
#......[........#
#...............#
#...............#
##.............##
##.....#.....##
#############


You could see an adder and a goblin.

Vanquished Creatures
  2 adders (D:2)
  An ooze (D:1)
  A worm (D:2)
  A leopard gecko (D:1)
  2 hobgoblins (D:1)
  8 jackals (D:1)
  A quokka (D:2)
  2 bats (D:1)
  2 frilled lizards (D:1)
  4 rats (D:1)
24 creatures vanquished.

Notes
Turn   | Place    | Note
-------+----------+-------------------------------------------
     0 | D:1      | royokou the Deep Elf Conjurer began the quest for the Orb.
     0 | D:1      | Reached XP level 1. HP: 10/10 MP: 6/6
   210 | D:1      | Reached XP level 2. HP: 12/15 MP: 0/8
   214 | D:1      | Learned a level 2 spell: Searing Ray
   766 | D:2      | Reached skill level 5 in Conjurations
   766 | D:2      | Reached XP level 3. HP: 19/19 MP: 5/10
   953 | D:2      | Learned a level 3 spell: Dazzling Spray
   988 | D:1      | Succumbed to an adder's poison

Vault maps used:
D:1:      minmay_arrival_jagged
D:2:      grunt_temple_overflow_open, uniq_jessica

Skill      XL: |  1  2 |
---------------+-------+-----
Spellcasting   | 4 |  4.4
Conjurations   | 5 |  5.2
Dodging        | |  2.4
Stealth        | |  2.4

Action                   || total
-------------------------++-------
Melee: Unarmed           ||     4
 Cast: Magic Dart        ||    42
       Searing Ray       ||     5
  Use: Scroll            ||     2
Armor: Robe              ||     4
Dodge: Dodged            ||    18

Table legend:
 A = Spawn XP
 B = Non-spawn XP
 C = Spawn XP percentage of total XP
 D = Spawn monster count
 E = Non-spawn monster count
 F = Spawn count percentage of total count
 G = Total turns spent on level
                    A         B        C        D         E        F      G
               +---------+---------+-------+---------+---------+-------+---------
         Total |       0 |      72 |   0.0 |       0 |      24 |   0.0 |   988
               +---------+---------+-------+---------+---------+-------+---------
           D:1 |       0 |      38 |   0.0 |       0 |      20 |   0.0 |   762
           D:2 |       0 |      34 |   0.0 |       0 |       4 |   0.0 |   226
               +---------+---------+-------+---------+---------+-------+---------
